 Dungeon Crawl Stone Soup version 0.24-a0-582-g4d4af813a0 (webtiles) character file.

Game seed: 18139556600947398290

2182 DasRunzen the Shield-Bearer (level 9, -4/79 HPs)
             Began as a Minotaur Fighter on Aug 26, 2019.
             Was a Priest of Okawaru.
             Slain by an orc warrior
             ... wielding a +0 broad axe
              (14 damage)
             ... in a bailey.
             The game lasted 00:14:10 (5573 turns).

DasRunzen the Shield-Bearer (Minotaur Fighter)      Turns: 5573, Time: 00:14:11

Health: -4/79      AC:  9    Str: 25    XL:     9   Next: 11%
Magic:  9/11       EV: 12    Int:  5    God:    Okawaru [***...]
Gold:   281        SH: 13    Dex: 13    Spells: 8/8 levels left

rFire    + . .     SeeInvis +   a - +1 war axe
rCold    . . .     Gourm    .   c - +0 shield
rNeg     . . .     Faith    .   b - +0 scale mail
rPois    .         Spirit   .   (helmet restricted)
rElec    .         Reflect  .   (no cloak)
rCorr    .         Harm     .   (no gloves)
MR       +....                  (no boots)
Stlth    +.........             (no amulet)
HPRegen  0.23/turn              s - +4 ring of strength
MPRegen  0.12/turn              n - ring of see invisible

@: heroism
A: retaliatory headbutt, horns 2, fire resistance 1, magic resistance 1
a: Heroism, Renounce Religion


You were in a bailey.
You worshipped Okawaru.
Okawaru was most pleased with you.
You were hungry.

You visited 1 branch of the dungeon, and saw 8 of its levels.
You also visited: Bailey.

You collected 281 gold pieces.

Inventory:

Hand Weapons
 a - a +1 war axe (weapon)
Armour
 b - a +0 scale mail (worn)
 c - a +0 shield (worn)
Jewellery
 n - a ring of see invisible (right hand)
 s - a +4 ring of strength (left hand)
Wands
 o - a wand of acid (5)
Scrolls
 e - a scroll of remove curse
 h - 2 scrolls of fear
 m - 3 scrolls of teleportation
Potions
 d - 5 potions of might
 g - 3 potions of heal wounds
 i - 2 potions of ambrosia
 k - 3 potions of flight
 l - 2 potions of agility {unknown}
 p - a potion of resistance {unknown}
 q - a potion of curing {unknown}
 t - a potion of haste {unknown}
 u - a potion of brilliance {unknown}
 v - a potion of magic {unknown}
Comestibles
 f - 10 rations


   Skills:
 + Level 7.4(12.4) Fighting
 + Level 6.9(11.9) Axes
 + Level 7.4(12.4) Armour
 + Level 7.5(12.5) Shields
 + Level 5.0 Invocations


You had 8 spell levels left.
You didn't know any spells.
Your spell library contained the following spells:

 Spells                   Type           Power        Failure   Level  Hunger
 Corona                   Hex            #......      82%         1    ##.....
 Magic Dart               Conj           #...         82%         1    ##.....
 Ensorcelled Hibernation  Hex/Ice        #.....       91%         2    ###....
 Searing Ray              Conj           #.....       91%         2    ###....
 Confuse                  Hex            #.......     99%         3    ####...
 Dazzling Spray           Conj/Hex       #.....       99%         3    ####...
 Tukima's Dance           Hex            #.......     99%         3    ####...
 Force Lance              Conj/Tloc      #.......     100%        4    #####..
 Fulminant Prism          Conj/Hex       #.........   100%        4    #####..
 Iskenderun's Mystic Bla  Conj           #.......     100%        4    #####..


Dungeon Overview and Level Annotations

Branches:
Dungeon (8/15)             Temple (0/1) D:6          Bailey (1/1)
   Lair: D:8-11

Altars:
Cheibriados
Okawaru
Ru
Uskayaw

Shops:
D:4 :   D:5 [

Annotations:
D:4 1 transporter, Eightlegvermin's ghost, amateur OpTm


Innate Abilities, Weirdness & Mutations

You reflexively headbutt those who attack you in melee.
You have a pair of horns on your head.
Your flesh is heat resistant. (rF+)
You are resistant to hostile enchantments. (MR+)


Message History

Okawaru accepts your kill.
You slice the orc warrior!!
The orc warrior is severely wounded.
You are feeling hungry.
You slash the orc warrior!
You kill the orc warrior!
Okawaru accepts your kill.
Your Invocations skill increases to level 5!
You slash the goblin!
You kill the goblin!
You barely miss the orc warrior. You block the orc warrior's attack.
You hit the orc warrior. Your headbutt misses the orc warrior.
The orc warrior is moderately wounded.
You block the orc warrior's attack.
You barely miss the orc warrior.
The orc warrior is moderately wounded.
You slash the orc warrior!
The orc warrior is severely wounded.
The orc warrior hits you with a +0 broad axe!
You die...

#....≈.≈....#
#'###≈.≈###'#
#...K≈.≈K...#
#'###≈.≈###'#
#....≈.≈....#
######'######
#)))# #...#
#)@)# ##o##


ogo ..8g. .#...#. ####.#### ... ... You could see 2 orc warriors, an orc, a
hobgoblin and a goblin.

Vanquished Creatures
  A wyvern (D:8)
  5 orc warriors
  A phantom (D:3)
  2 ogres
  3 bullfrogs
  Blork the orc (D:5)
  A scorpion (D:4)
  4 howler monkeys
  2 crimson imps (D:5)
  A centaur zombie (D:6)
  A bullfrog zombie (D:7)
  3 hounds
  2 jellies (D:5)
  3 orc wizards
  A bullfrog skeleton (D:8)
  A centaur skeleton (D:5)
  An iguana (D:7)
  Terence (D:2)
  5 worker ants
  A hound zombie (D:8)
  2 hound skeletons (D:4)
  6 adders
  A gnoll (Bailey)
  2 shadow imps
  3 oozes
  An adder skeleton (D:7)
  2 worms
  5 leopard geckos
  17 orcs
  5 bats
  3 giant cockroaches
  15 goblins
  6 hobgoblins
  20 jackals
  2 quokkas
  2 ball pythons
  4 frilled lizards
  A jackal skeleton (D:5)
  5 kobolds
  A leopard gecko skeleton (D:4)
  6 rats
149 creatures vanquished.

Notes
Turn   | Place    | Note
-------+----------+-------------------------------------------
     0 | D:1      | DasRunzen the Minotaur Fighter began the quest for the Orb.
     0 | D:1      | Reached XP level 1. HP: 19/19 MP: 0/0
   190 | D:1      | Reached XP level 2. HP: 25/27 MP: 1/1
   788 | D:2      | Found an iron altar of Okawaru.
   799 | D:2      | Reached XP level 3. HP: 27/33 MP: 2/2
   804 | D:2      | Became a worshipper of Warmaster Okawaru
   916 | D:2      | Noticed Terence
   919 | D:2      | Found a sacrificial altar of Ru.
   927 | D:2      | Killed Terence
   930 | D:2      | Reached XP level 4. HP: 15/40 MP: 3/3
  1398 | D:3      | Reached skill level 1 in Invocations
  1719 | D:3      | Found a hide-covered altar of Uskayaw.
  1729 | D:3      | Noticed a phantom
  1760 | D:3      | Killed a phantom
  1760 | D:3      | Reached * piety under Okawaru
  1760 | D:3      | Reached XP level 5. HP: 25/47 MP: 3/5
  1870 | D:3      | Gained mutation: You have a pair of large horns on your
                  | head. [potion of mutation]
  1870 | D:3      | Gained mutation: Your spells are a little harder to cast,
                  | but a little more powerful. [potion of mutation]
  1871 | D:3      | Lost mutation: Your spells are a little harder to cast, but
                  | a little more powerful. [potion of mutation]
  1871 | D:3      | Lost mutation: You have a pair of large horns on your head.
                  | [potion of mutation]
  1871 | D:3      | Gained mutation: You are occasionally teleported next to
                  | monsters. [potion of mutation]
  1871 | D:3      | Gained mutation: You are weak. (Str -2) [potion of
                  | mutation]
  1871 | D:3      | Gained mutation: You possess an exceptional clarity of
                  | mind. [potion of mutation]
  1901 | D:4      | Found a transporter.
  1901 | D:4      | Noticed an ogre
  1901 | D:4      | Noticed an ogre
  1901 | D:4      | Noticed Eightlegvermin's ghost (amateur OpTm)
  1905 | D:4      | Noticed an ogre
  1989 | D:4      | Noticed an ogre
  1996 | D:4      | Killed an ogre
  1996 | D:4      | Reached skill level 5 in Fighting
  1996 | D:4      | Reached skill level 5 in Armour
  1996 | D:4      | Reached skill level 5 in Shields
  1996 | D:4      | Reached XP level 6. HP: 42/56 MP: 6/6
  2262 | D:4      | Found Dobuyhum's Book Shop.
  2372 | D:4      | Found a snail-covered altar of Cheibriados.
  2458 | D:5      | Entered Level 5 of the Dungeon
  2472 | D:5      | Got a fine helmet
  2513 | D:5      | Reached XP level 7. HP: 53/61 MP: 6/8
  2609 | D:5      | Reached ** piety under Okawaru
  2618 | D:5      | Found Tetef's Armour Shoppe.
  2644 | D:5      | Reached skill level 5 in Axes
  2899 | D:5      | Noticed Blork the orc
  2906 | D:5      | Killed Blork the orc
  3525 | D:6      | Found a staircase to the Ecumenical Temple.
  3540 | D:6      | Lost mutation: You are occasionally teleported next to
                  | monsters. [potion of mutation]
  3540 | D:6      | Lost mutation: You are weak. (Str -2) [potion of mutation]
  3540 | D:6      | Lost mutation: You possess an exceptional clarity of mind.
                  | [potion of mutation]
  3540 | D:6      | Gained mutation: Your flesh is heat resistant. (rF+)
                  | [potion of mutation]
  3540 | D:6      | Gained mutation: You are resistant to hostile enchantments.
                  | (MR+) [potion of mutation]
  4043 | D:7      | Reached XP level 8. HP: 61/70 MP: 9/9
  4109 | D:7      | Reached *** piety under Okawaru
  4324 | D:7      | HP: 1/71 [orc warrior/+0 halberd (14)]
  5158 | D:8      | Found a flagged portal.
  5171 | Bailey   | Entered a bailey
  5563 | Bailey   | Reached XP level 9. HP: 8/79 MP: 8/11
  5568 | Bailey   | Reached skill level 5 in Invocations
  5573 | Bailey   | Slain by an orc warrior

Levels and vault maps discovered:
D:1:      minmay_arrival_arboretum_large, layout_loops_corners,
          minmay_tetromino_t2
D:2:      layout_rooms, nicolae_overflow_crystal_walls, lemuel_crystal_altar,
          first_ration, uniq_terence
D:3:      layout_basic, old_standard_altar
D:4:      layout_loops_ring, kennysheep_little_box, serial_shops,
          nicolae_shop_trees, gammafunk_ghost_smash
D:5:      layout_cave_pods, serial_shops, shop_statue, hangedman_glass_teeth,
          uniq_blork_the_orc
D:6:      minmay_skewed_foursquare, layout_cave_pools,
          minmay_temple_entry_statues
D:7:      layout_loops_cross, chequers_serial_rivers_room_b
D:8:      layout_loops_ring, lemuel_round_altar, enter_bailey_3, uniq_erica
Bailey:   bailey_axe_1, bailey

Skill      XL: |  1  2  3  4  5  6  7  8  9 |
---------------+----------------------------+-----
Fighting       | 4 5 6 7 |  7.4
Armour         | 4 5 6 7 |  7.4
Shields        | 4 5 6 7 |  7.5
Axes           | 3 4 5 6 |  6.9
Invocations    | 1 2 3 4 5 |  5.0

Action                   |  1- 3 |  4- 6 |  7- 9 || total
-------------------------+-------+-------+-------++-------
Melee: War axe           |    72 |   140 |   217 ||   429
       Headbutt          |     9 |    26 |    50 ||    85
Invok: Heroism           |       |       |     2 ||     2
  Use: Scroll            |     4 |     4 |     4 ||    12
       Potion            |       |     2 |     1 ||     3
  Eat: Chunk             |       |     5 |    10 ||    15
Armor: Scale mail        |    37 |    52 |    78 ||   167
Dodge: Dodged            |    27 |    56 |    87 ||   170
Block: Shield            |    46 |    78 |   150 ||   274

Table legend:
 A = Non-vault XP
 B = Vault XP
 C = Vault XP percentage of total XP
 D = Non-vault monster count
 E = Vault monster count
 F = Vault count percentage of total count
                 A         B        C        D         E       F
            +---------+---------+-------+---------+---------+-------
      Total |    2334 |     784 |  25.1 |     130 |      19 |  12.8
            +---------+---------+-------+---------+---------+-------
        D:1 |      33 |       1 |   2.9 |      20 |       1 |   4.8
        D:2 |      49 |      36 |  42.4 |      15 |       1 |   6.2
        D:3 |     192 |       0 |   0.0 |      20 |       0 |   0.0
        D:4 |     318 |       0 |   0.0 |      14 |       0 |   0.0
        D:5 |     536 |      87 |  14.0 |      15 |       1 |   6.2
        D:6 |      89 |      78 |  46.7 |      14 |       2 |  12.5
        D:7 |     844 |       0 |   0.0 |      25 |       0 |   0.0
        D:8 |     273 |       8 |   2.8 |       7 |       4 |  36.4
     Bailey |       0 |     574 | 100.0 |       0 |      10 | 100.0
            +---------+---------+-------+---------+---------+-------
